 Dungeon Crawl Stone Soup version 0.20.1-1-g8b1a95d (webtiles) character file.

2590 Jannitor the Covert (level 9, -18/64 HPs)
             Began as an Octopode Chaos Knight on Sept 30, 2017.
             Demolished by a large abomination (36 damage)
             ... on level 1 of the Abyss.
             The game lasted 00:25:03 (8128 turns).

Jannitor the Covert (Octopode Chaos Knight)         Turns: 8128, Time: 00:25:03

Health: -18/64     AC:  1    Str: 13    XL:     9   Next: 58%
Magic:  9/9        EV: 16    Int: 14    God:    Xom [.*....]
Gold:   225        SH:  5    Dex: 13    Spells: 8/8 levels left

rFire    . . .     SeeInvis .   g - +2 falchion (drain)
rCold    . . .     Gourm    .   x - +1 buckler {rPois}
rNeg     . . .     Faith    .   (helmet restricted)
rPois    +         Spirit   .   t - amulet of regeneration
rElec    .         Reflect  .   e - ring of protection from magic
rCorr    .         Harm     .   (no ring)
MR       +....                  (no ring)
Stlth    +++++.....             (no ring)
Regen    0.6/turn               (no ring)
MPRegen  0.2/turn               (no ring)
                                (no ring)
                                (no ring)

@: no status effects
A: almost no armour, stealthy swim, amphibious, 8 rings, constrict 8, camouflage
1, sense surroundings 1, gelatinous body 1
a: Renounce Religion


You were on level 1 of the Abyss.
You worshipped Xom.
You were a plaything of Xom.
You were hungry.

You visited 1 branch of the dungeon, and saw 7 of its levels.
You visited the Abyss 1 time.

You collected 427 gold pieces.
You spent 202 gold pieces at shops.

Inventory:

Hand Weapons
 a - a +0 falchion of chaos
 g - a +2 falchion of draining (weapon)
Armour
 r - a +0 buckler
 x - a +1 buckler of poison resistance (worn)
Jewellery
 e - a ring of protection from magic (left tentacle)
 h - an uncursed ring of fire
 l - an uncursed amulet of harm
 t - an amulet of regeneration (around mantle)
Wands
 s - a wand of flame (23/48)
Scrolls
 d - a scroll of identify
 f - 5 scrolls of remove curse
 k - 2 scrolls of fear
 m - a scroll of amnesia
Potions
 c - 2 potions of cancellation
 j - 2 potions of agility
 o - a potion of magic
 p - a potion of ambrosia
 q - a potion of resistance
 u - a potion of flight {unknown}
 z - a potion of haste {unknown}
 A - a potion of heal wounds
Books
 y - a book of Debilitation

   Spells                             Type                      Level
   a - Corona                         Hexes                        1
   b - Slow                           Hexes                        2
   c - Inner Flame                    Hexes/Fire                   3
   d - Portal Projectile              Hexes/Translocation          3
   e - Cause Fear                     Hexes                        4
   f - Leda's Liquefaction            Hexes/Earth                  4
Comestibles
 b - 6 bread rations
 n - 4 meat rations
 w - a royal jelly


   Skills:
 - Level 7.6 Fighting
 - Level 5.5 Long Blades
 - Level 7.0 Dodging
 + Level 9.1 Stealth
 - Level 2.1 Shields


You had 8 spell levels left.
You didn't know any spells.

Dungeon Overview and Level Annotations

Branches:
Dungeon (7/15)             Temple (0/1) D:4

Altars:
Makhleb
Xom
Zin
The Shining One

Shops:
D:7 [

Annotations:
D:2 exclusion: downstairs
D:3 1 runed door
D:6 Sigmund
D:7 2 transporters


Innate Abilities, Weirdness & Mutations

You cannot wear most types of armour.
You are very stealthy in the water. (Stealth+)
You are amphibious.
You can wear up to eight rings at the same time.
You can use your tentacles to constrict eight enemies at once.
Your skin changes colour to match your surroundings (Stealth+).
Your rubbery body absorbs attacks. (AC +1, EV +1)
You passively map a small area around you.


Message History

You destroy the black mamba zombie!
Your Stealth skill increases to level 9!
You hit the iron imp. You grab the iron imp. You squeeze the iron imp.
The iron imp is moderately wounded.
You constrict the iron imp, but do no damage.
The iron imp hits you!
* * * LOW HITPOINT WARNING * * *
Unknown command.
You hit the iron imp but do no damage.
The iron imp is moderately wounded.
You constrict the iron imp. You block the iron imp's attack.
You hit the iron imp.
The iron imp is severely wounded.
You constrict the iron imp. The iron imp closely misses you.
You hit the iron imp. You squeeze the iron imp.
You kill the iron imp!
The large abomination hits you!!!
Ouch! That really hurt!
You die...
Xom chuckles heartily!

.#.... .##.##.
...##.....#..#
.#.#
.##......#...##.#.
.. ....##...##....
...#.#......#..#
##.. ...........#
#. ..#........# #
.####..#...# ..
.## ##.X@.## #..
#.#.### . . #.#..#
.. .##### .. ...
.#. ####


You could see a large abomination.

Vanquished Creatures
  A kobold demonologist (Abyss:1)
  A black mamba zombie (Abyss:1)
  A fire elemental (Abyss:1)
  Duvessa (D:5)
  A black bear (D:7)
  An ogre (D:5)
  A phantom (D:5)
  3 centaurs
  2 ice beasts
  A big kobold (D:7)
  3 bullfrogs
  Dowan (D:5)
  A scorpion (D:4)
  2 wights (D:6)
  2 howler monkeys
  2 crimson imps
  A bullfrog zombie (D:5)
  4 orc priests
  2 bullfrog skeletons
  A hound (D:5)
  An iron imp (Abyss:1)
  An orc wizard (D:3)
  Ijyb (D:5)
  2 iguanas
  A worker ant (D:4)
  A hound zombie (D:5)
  2 hound skeletons
  A worker ant zombie (D:5)
  3 gnolls
  8 adders
  3 oozes
  A worm (D:3)
  A dart slug (D:1)
  3 leopard geckos
  16 orcs
  5 bats
  7 giant cockroaches
  6 goblins
  7 hobgoblins
  2 jackals (D:3)
  2 quokkas
  3 frilled lizards
  11 kobolds
  A leopard gecko zombie (D:7)
  A quokka skeleton (D:7)
  A quokka zombie (D:6)
  8 rats
131 creatures vanquished.

Vanquished Creatures (others)
  A lurking horror (Abyss:1)
1 creature vanquished.

Grand Total: 132 creatures vanquished

Notes
Turn   | Place    | Note
-------+----------+-------------------------------------------
     0 | D:1      | Jannitor the Octopode Chaos Knight began the quest for the Orb.
     0 | D:1      | Reached XP level 1. HP: 16/16 MP: 1/1
   145 | D:1      | Reached XP level 2. HP: 10/21 MP: 2/2
   413 | D:1      | Reached XP level 3. HP: 26/26 MP: 3/3
   688 | D:1      | XOM: divination: detect creatures
   762 | D:1      | XOM: divination: detect items
  1113 | D:2      | Found a glowing silver altar of Zin.
  1402 | D:2      | XOM: divination: magic mapping
  1458 | D:2      | Reached XP level 4. HP: 14/33 MP: 4/4
  1469 | D:2      | XOM: smoke on damage
  1605 | D:2      | XOM: harmless Tloc miscast
  2357 | D:3      | Reached skill level 1 in Stealth
  2357 | D:3      | Reached XP level 5. HP: 37/38 MP: 5/5
  2664 | D:3      | XOM: potion effect (agility)
  2722 | D:3      | XOM: medium Hex miscast
  2831 | D:3      | XOM: harmless Tmut miscast
  2894 | D:3      | Reached XP level 6. HP: 45/45 MP: 6/6
  2925 | D:3      | XOM: harmless Erth miscast
  2973 | D:3      | XOM: medium Erth miscast
  3136 | D:3      | Found a runed door.
  3255 | D:4      | Found a staircase to the Ecumenical Temple.
  3278 | D:4      | XOM: scenery: create altars
  3304 | D:4      | Reached skill level 2 in Stealth
  3342 | D:4      | Found a burning altar of Makhleb.
  3343 | D:4      | Found a glowing golden altar of the Shining One.
  3346 | D:4      | XOM: mild Necr miscast
  3537 | D:4      | XOM: give mutation
  3537 | D:4      | Gained mutation: You passively map a small area around you. [Xom's grace]
  3550 | D:4      | Reached skill level 5 in Fighting
  3623 | D:4      | XOM: god gift: morningstar {god gift}
  3725 | D:4      | Noticed a phantom
  3755 | D:4      | XOM: fog
  3790 | D:4      | XOM: harmless Ice miscast
  3883 | D:4      | XOM: medium Ice miscast
  3903 | D:5      | XOM: stealth player
  3903 | D:5      | Entered Level 5 of the Dungeon
  4219 | D:4      | XOM: potion effect (might)
  4232 | D:5      | Killed a phantom
  4232 | D:5      | Reached skill level 3 in Stealth
  4232 | D:5      | Reached XP level 7. HP: 37/49 MP: 7/7
  4285 | D:4      | XOM: harmless Ice miscast
  4459 | D:4      | You fall through a shaft for 2 floors!
  4641 | D:6      | XOM: confusion (+ monsters)
  4751 | D:6      | XOM: god gift: sedimented brown potion {god gift}
  4771 | D:6      | Reached skill level 5 in Dodging
  4798 | D:6      | XOM: scenery: 1 doors open
  4806 | D:6      | XOM: fog
  4835 | D:6      | Reached skill level 4 in Stealth
  4839 | D:6      | XOM: 6-stop teleportation journey
  4843 | D:6      | Noticed Sigmund
  5161 | D:6      | Reached XP level 8. HP: 41/56 MP: 8/8
  5451 | D:5      | XOM: silly message
  5497 | D:4      | XOM: cast spell 'Call Canine Familiar'
  5612 | D:5      | Noticed Ijyb
  5622 | D:5      | Killed Ijyb
  5725 | D:5      | Noticed Dowan
  5946 | D:5      | XOM: harmless Chrm miscast
  5960 | D:5      | XOM: 5-stop teleportation journey
  5984 | D:5      | Noticed Duvessa
  5993 | D:5      | XOM: chaos cloud
  6003 | D:5      | XOM: confusion
  6011 | D:5      | Killed Duvessa
  6011 | D:5      | Reached skill level 5 in Long Blades
  6018 | D:5      | Killed Dowan
  6300 | D:6      | Reached skill level 5 in Stealth
  6300 | D:6      | Reached skill level 1 in Shields
  6316 | D:5      | XOM: divination: detect items
  7033 | D:7      | Reached XP level 9. HP: 64/64 MP: 9/9
  7046 | D:7      | Found Ekaur's Armour Shop.
  7054 | D:7      | Bought a +1 buckler of poison resistance for 202 gold pieces
  7118 | D:7      | XOM: scenery: 1 doors open
  7304 | D:7      | XOM: confuse monster(s)
  7430 | D:7      | XOM: divination: detect items
  7470 | D:7      | XOM: noise
  7498 | D:7      | Reached skill level 6 in Stealth
  7565 | D:7      | Found a transporter.
  7578 | D:7      | Found a transporter.
  7744 | D:7      | XOM: medium Tloc miscast
  7744 | D:7      | Cast into level 1 of the Abyss (the capriciousness of Xom)
  7744 | Abyss:1  | Found a corrupted altar of Lugonu.
  7834 | Abyss:1  | Noticed a kobold demonologist
  7849 | Abyss:1  | Noticed a freezing wraith
  7862 | Abyss:1  | Noticed a large abomination
  7866 | Abyss:1  | Noticed a thrashing horror
  7897 | Abyss:1  | XOM: fog
  7903 | Abyss:1  | Killed a kobold demonologist
  7903 | Abyss:1  | Reached skill level 8 in Stealth
  7908 | Abyss:1  | Noticed a tentacled starspawn
  7912 | Abyss:1  | Noticed an angel
  7965 | Abyss:1  | Noticed an ancient zyme
  7978 | Abyss:1  | Noticed a large abomination
  7982 | Abyss:1  | Noticed a flayed ghost
  7982 | Abyss:1  | XOM: cast spell 'Olgreb's Toxic Radiance'
  7985 | Abyss:1  | Noticed a thrashing horror
  7988 | Abyss:1  | Noticed a hellephant
  7993 | Abyss:1  | XOM: cleaving
  7996 | Abyss:1  | Noticed a sixfirhy
  8062 | Abyss:1  | Noticed a thrashing horror
  8077 | Abyss:1  | Noticed a large abomination
  8092 | Abyss:1  | Noticed an ancient zyme
  8100 | Abyss:1  | Noticed a demonic crawler
  8118 | Abyss:1  | XOM: mild Pois miscast
  8121 | Abyss:1  | Noticed a large abomination
  8121 | Abyss:1  | Reached skill level 9 in Stealth
  8128 | Abyss:1  | Demolished by a large abomination

Skill      XL: |  1  2  3  4  5  6  7  8  9 |
---------------+----------------------------+-----
Dodging        | 3 4 5 6 7 |  7.0
Fighting       | 4 5 6 7 |  7.6
Stealth        | 1 3 4 5 9 |  9.1
Long Blades    | 4 5 |  5.5
Shields        | 1 2 |  2.1

Action                   |  1- 3 |  4- 6 |  7- 9 || total
-------------------------+-------+-------+-------++-------
Melee: Falchion          |    54 |   104 |   169 ||   327
       Constrict         |    13 |    24 |    38 ||    75
       Tentacles         |    13 |    21 |    51 ||    85
Evoke: Wand              |       |       |     4 ||     4
  Use: Scroll            |       |     6 |     8 ||    14
       Potion            |       |     1 |     3 ||     4
 Stab: Sleeping          |    10 |     4 |     9 ||    23
  Eat: Chunk             |     1 |     3 |     5 ||     9
       Bread ration      |       |     1 |     2 ||     3
Armor: Skin              |     3 |     3 |    18 ||    24
Dodge: Dodged            |    27 |    63 |   117 ||   207
Block: Buckler           |       |       |    17 ||    17
       Rpst.: Falchion   |    11 |    25 |    40 ||    76
